 Dungeon Crawl Stone Soup version 0.22-a0-93-g6b88ebb (webtiles) character file.

146 papiloppo the Ogre Mage (level 5, -1/52 HPs)
             Began as an Ogre Wizard on Dec 2, 2017.
             Slain by a hobgoblin
             ... wielding a +0 club
              (6 damage)
             ... on level 3 of the Dungeon on Jan 24, 2018.
             The game lasted 00:13:23 (3655 turns).

papiloppo the Ogre Mage (Ogre Wizard)               Turns: 3655, Time: 00:13:24

Health: -1/52      AC:  3    Str: 11    XL:     5   Next: 28%
Magic:  11/11      EV: 10    Int: 20    God:
Gold:   125        SH:  0    Dex:  7    Spells: 5/13 levels left

rFire    . . .     SeeInvis .   (no weapon)
rCold    . . .     Gourm    .   (no shield)
rNeg     . . .     Faith    .   a - +0 robe
rPois    .         Spirit   .   b - +0 hat
rElec    .         Reflect  .   (no cloak)
rCorr    .         Harm     .   (gloves unavailable)
MR       .....     Rnd*Tele +   (boots unavailable)
Stlth    +.........             (no amulet)
HPRegen  0.17/turn              h - ring of teleportation (curse)
MPRegen  0.12/turn              (no ring)

@: no status effects
A: large, unfitting armour, tough skin 1
a: no special abilities


You were on level 3 of the Dungeon.
You were not hungry.

You visited 1 branch of the dungeon, and saw 3 of its levels.

You collected 125 gold pieces.

Inventory:

Hand Weapons
 s - a +1 dagger of electrocution
Armour
 a - a +0 robe (worn)
 b - a +0 hat (worn)
 r - a +0 ring mail
Jewellery
 h - a cursed ring of teleportation (left hand)
Scrolls
 f - 3 scrolls of remove curse {unknown}
 j - a scroll of enchant weapon {unknown}
 l - a scroll of enchant armour {unknown}
 m - a scroll of blinking {unknown}
 o - 4 scrolls of teleportation {unknown}
 p - 3 scrolls of identify {unknown}
Potions
 e - a potion of curing
 g - a potion of berserk rage {unknown}
 i - a potion of brilliance {unknown}
 q - a potion of lignification {unknown}
Books
 c - a book of Minor Magic

   Spells                             Type                      Level
   a - Magic Dart                     Conjuration                  1
   b - Blink                          Translocation                2
   c - Call Imp                       Summoning                    2
   d - Slow                           Hexes                        2
   e - Conjure Flame                  Conjuration/Fire             3
   f - Mephitic Cloud                 Conjuration/Poison/Air       3
Comestibles
 d - a ration
 k - a ration
 n - a ration


   Skills:
 + Level 2.9 Fighting
 + Level 2.8 Dodging
 - Level 1.4 Stealth
 + Level 4.5 Spellcasting
 + Level 2.2 Conjurations
 - Level 0.8 Summonings
 - Level 0.8 Translocations


You had 5 spell levels left.
You knew the following spells:

 Your Spells              Type           Power        Failure   Level  Hunger
a - Magic Dart            Conj           ##..         4%          1    None
b - Blink                 Tloc           N/A          13%         2    #......
c - Call Imp              Summ           #.......     13%         2    #......
d - Mephitic Cloud        Conj/Pois/Air  #.......     26%         3    ##.....


Dungeon Overview and Level Annotations

Branches:
Dungeon (3/15)

Altars:
Ru

Annotations:
D:3 Robin


Innate Abilities, Weirdness & Mutations

You are too large for most types of armour.
You have tough skin. (AC +1)


Message History

The worm bites you.
* * * LOW HITPOINT WARNING * * *
You hit the worm.
The worm is almost dead.
You barely miss the worm.
The worm is almost dead.
The worm barely misses you.
You hit the worm.
You kill the worm!
You barely miss the hobgoblin.
The hobgoblin hits you but does no damage.
You hit the hobgoblin but do no damage.
The hobgoblin hits you but does no damage.
You barely miss the hobgoblin. The hobgoblin closely misses you.
You barely miss the hobgoblin. You hit the hobgoblin but do no damage.
The hobgoblin closely misses you.
You hit the hobgoblin.
The hobgoblin is moderately wounded.
The hobgoblin hits you with a club.
You die...

#### #... ... ###.#
#@g.# #.#.# #.# .#
#.# .. # #.# .. #.
#.# ## .#
##.##.#############
>#
#...#.#[..........#
## #....#########.#


You could see a hobgoblin.

Vanquished Creatures
  An orc priest (D:3)
  A howler monkey skeleton (D:3)
  3 adders
  2 dart slugs (D:1)
  A worm (D:3)
  3 leopard geckos
  2 orcs
  3 giant cockroaches (D:2)
  4 hobgoblins
  3 jackals (D:1)
  5 kobolds
  2 quokkas
  A ball python (D:1)
  10 bats
  A frilled lizard (D:2)
  15 goblins
  8 rats
65 creatures vanquished.

Vanquished Creatures (collateral kills)
  A ball python (D:3)
  A frilled lizard (D:3)
2 creatures vanquished.

Grand Total: 67 creatures vanquished

Notes
Turn   | Place    | Note
-------+----------+-------------------------------------------
     0 | D:1      | papiloppo the Ogre Wizard began the quest for the Orb.
     0 | D:1      | Reached XP level 1. HP: 16/16 MP: 5/5
   241 | D:1      | Reached skill level 1 in Conjurations
   283 | D:1      | Reached XP level 2. HP: 25/26 MP: 1/6
   484 | D:1      | Reached skill level 1 in Fighting
   902 | D:1      | Reached skill level 4 in Spellcasting
   912 | D:1      | Reached XP level 3. HP: 27/33 MP: 1/8
  1619 | D:2      | Found a sacrificial altar of Ru.
  1722 | D:2      | Reached XP level 4. HP: 15/42 MP: 0/10
  1726 | D:2      | Noticed an ogre
  1876 | D:2      | Learned a level 2 spell: Blink
  1879 | D:2      | Learned a level 2 spell: Call Imp
  1883 | D:2      | Learned a level 3 spell: Mephitic Cloud
  2401 | D:3      | HP: 2/44 [poisoned by an adder]
  2950 | D:3      | Reached XP level 5. HP: 50/50 MP: 5/11
  3052 | D:3      | Upgraded the game from 0.21-a0-513-gdcb3f5e to 0.21-a0-584-g185da8e
  3338 | D:3      | Noticed Robin
  3367 | D:3      | Upgraded the game from 0.21-a0-584-g185da8e to 0.22-a0-93-g6b88ebb
  3655 | D:3      | Slain by a hobgoblin

Vault maps used:
D:1:      dpeg_arrival_boxorama, hex_medium
D:2:      nicolae_ru_awakened_eye
D:3:      lemuel_round_altar, first_bread, kennysheep_decorative_pillar,
          uniq_robin

Skill      XL: |  1  2  3  4 |
---------------+-------------+-----
Conjurations   | 1 2 |  2.2
Dodging        | 2 |  2.8
Fighting       | 1 2 |  2.9
Spellcasting   | 4 |  4.5
Stealth        | |  1.4
Summonings     | |  0.8
Translocations | |  0.8

Action                   |  1- 3 |  4- 6 || total
-------------------------+-------+-------++-------
Melee: Unarmed           |    64 |   135 ||   199
 Cast: Magic Dart        |    78 |    69 ||   147
       Call Imp          |       |     2 ||     2
  Use: Potion            |       |     1 ||     1
 Stab: Sleeping          |       |     1 ||     1
  Eat: Chunk             |     2 |     4 ||     6
       Ration            |       |     1 ||     1
Armor: Robe              |    24 |    28 ||    52
Dodge: Dodged            |    55 |    81 ||   136

Table legend:
 A = Spawn XP
 B = Non-spawn XP
 C = Spawn XP percentage of total XP
 D = Spawn monster count
 E = Non-spawn monster count
 F = Spawn count percentage of total count
 G = Total turns spent on level
                    A         B        C        D         E        F      G
               +---------+---------+-------+---------+---------+-------+---------
         Total |       0 |     209 |   0.0 |       0 |      67 |   0.0 |  3655
               +---------+---------+-------+---------+---------+-------+---------
           D:1 |       0 |      59 |   0.0 |       0 |      26 |   0.0 |  1493
           D:2 |       0 |      60 |   0.0 |       0 |      22 |   0.0 |  1354
           D:3 |       0 |      90 |   0.0 |       0 |      19 |   0.0 |   808
               +---------+---------+-------+---------+---------+-------+---------
